 Dungeon Crawl Stone Soup version 0.30-a0-165-g1891117ce2 (webtiles) character file.

Game seed: 3745444100161521647

2231 qw the Cleaver (level 9, -4/57 HPs)
             Began as a Gargoyle Fighter on Sept 28, 2022.
             Slain by Maggie
             ... wielding a +2 spear of venom
              (7 damage)
             ... on level 7 of the Dungeon.
             The game lasted 00:02:22 (7221 turns).

qw the Cleaver (Gargoyle Fighter)                   Turns: 7221, Time: 00:02:23

Health: -4/57      AC: 18    Str: 24    XL:     9   Next: 36%
Magic:  9/9        EV:  5    Int:  9    God:
Gold:   164        SH:  4    Dex:  9    Spells: 8/8 levels left

rFire   . . .      SeeInvis .    Y - +0 war axe
rCold   . . .      Faith    .    c - +0 buckler
rNeg    + . .      Spirit   .    o - +0 chain mail
rPois   inf        Reflect  .    (no helmet)
rElec   +          Harm     .    (no cloak)
rCorr   .          Rampage  .    e - +0 pair of gloves
Will    .....                    g - +0 pair of boots
Stlth   ..........               (no amulet)
HPRegen 0.19/turn                l - +4 ring of slaying {mikee}
MPRegen 0.11/turn                (no ring)

@: grasped by roots, mesmerised, constricted
A: sickness immunity, AC +6, negative energy resistance 1, electricity
resistance, torment resistance 1, petrification resistance
a: no special abilities


You were on level 7 of the Dungeon.
You visited 1 branch of the dungeon, and saw 7 of its levels.

You collected 222 gold pieces.
You spent 58 gold pieces at shops.


Innate Abilities, Weirdness & Mutations

You are immune to sickness and miasma.
Your stone body is resilient. (AC +6)
You are immune to poison.
You resist negative energy. (rN+)
You are resistant to electric shocks. (rElec)
You are resistant to unholy torment.
You are immune to petrification.


   Skills:
 - Level 7.2 Fighting
 - Level 9.0 Axes
 - Level 1.8 Throwing
 + Level 4.3 Armour
 - Level 1.0 Dodging
 - Level 4.1 Shields


You had 8 spell levels left.
You didn't know any spells.
Your spell library was empty.

Inventory:

Hand Weapons
 n - a +0 flail
 Y - a +0 war axe (weapon)
Missiles
 b - a boomerang (quivered)
Armour
 c - a +0 buckler (worn)
 e - a +0 pair of gloves (worn)
 g - a +0 pair of boots (worn)
 o - a +0 chain mail (worn)
Jewellery
 l - a +4 ring of slaying (left hand) {mikee}
 p - a ring of ice
 s - a ring of fire
Scrolls
 a - a scroll of identify
 j - a scroll of immolation {unknown}
Potions
 d - a potion of might
 f - 3 potions of curing
 i - a potion of mutation
 k - a potion of resistance {unknown}
 m - 3 potions of attraction
 q - 2 potions of cancellation {unknown}
 r - a potion of lignification {unknown}
 t - a potion of ambrosia {unknown}

Dungeon Overview and Level Annotations

Branches:
Dungeon (7/15)             Temple (0/1) D:6

Altars:
Hepliaklqana
Kikubaaqudgha
Qazlal
Xom
Zin

Shops:
D:4 [

Annotations:
D:6 1 runed translucent door, qw's ghost, novice GrFi
D:7 Maggie


Message History

7218 ||| DRINKING potion of heal wounds.
You feel much better.
The wyvern bites you but does no damage.
The wight hits you but does no damage.
Maggie zaps a wand.
The roots erupt in riotous growth!
The wight is unaffected. x2
Maggie is unaffected.
The grasping roots grab you!
The wight is unaffected.
The wyvern is unaffected.
The grasping roots constrict you. The wyvern bites you.
The wight hits you with a +0 dagger.
You hit the wight.
The wight is heavily damaged.
You slash the wight! You hit the wyvern but do no damage.
The wyvern bites you but does no damage.
You block the wight's attack. The wight hits you with a +0 mace.
Maggie mumbles some strange words.
Maggie attempts to bespell you!
You are mesmerised by Maggie!
The grasping roots constrict you. You block the wight's attack.
The wyvern barely misses you.
You closely miss the wight.
The wight is heavily damaged.
You hit the wight. You hit the wyvern. The wight barely misses you.
The wyvern bites you but does no damage.
The gnoll hits you from afar with a +0 halberd.
You block the wight's attack.
Maggie hits you from afar with a +2 spear of venom!
The grasping roots constrict you. The wight hits you but does no damage.
The wight hits you from afar with a +0 spear.
You hit the wight.
The wight is almost destroyed.
You slash the wyvern! You slash the wight!
You destroy the wight!
The wyvern bites you! The gnoll barely misses you.
The wight hits you with a +0 mace. Maggie barely misses you.
The grasping roots constrict you. The wyvern barely misses you.
The wight hits you but does no damage. The gnoll barely misses you.
Maggie hits you from afar with a +2 spear of venom!
You die...

##.#####..# ..........#
.# ##.#####.## ######.#
##.# #.####.)..#.# ####
#l.$........# #
#@..........#
##..~.~..#..# #########
..~.~.zl..# #.....).)
..~.~@z@..### #.#######
..~.~z......####.######.
.......g............##.#
............####.##...##
.####.....### #.#####.#
#.....# #.# ##. .'....##
#.# ## !.#...## #.# #
###... #.# #


You could see Maggie (mesmerising), a wyvern, 3 wights and a gnoll.

Vanquished Creatures
  A troll (D:7)
  2 water moccasins
  A sky beast (D:6)
  2 ice beasts (D:6)
  5 ogres
  A centaur (D:7)
  3 necrophages
  A wight (D:7)
  3 jellies
  6 hounds
  3 orc priests
  2 gnoll boudas (D:7)
  Ijyb (D:3)
  3 orc wizards
  2 iguanas (D:5)
  5 adders
  13 gnolls (D:7)
  A white imp (D:6)
  An ufetubus (D:6)
  3 worms
  3 dart slugs
  15 orcs
  8 ball pythons
  5 bats
  6 endoplasms
  3 giant cockroaches
  8 goblins
  3 hobgoblins
  6 kobolds
  2 quokkas
  5 frilled lizards
  4 rats
127 creatures vanquished.

Vanquished Creatures (others)
  9 fungi (D:7)
9 creatures vanquished.

Grand Total: 136 creatures vanquished

Notes
Turn   | Place    | Note
-------+----------+-------------------------------------------
     0 | D:1      | qw the Gargoyle Fighter began the quest for the Orb.
     0 | D:1      | Reached XP level 1. HP: 14/14 MP: 1/1
     0 | D:1      | 0 ||| qw: Version: 0.2-a-12-gaebbb33
     0 | D:1      | 0 ||| qw: Game counter: 841
     0 | D:1      | 0 ||| qw: Always use a shield: true
     0 | D:1      | 0 ||| qw: God list: Okawaru
     0 | D:1      | 0 ||| qw: Allow faded altars: false
     0 | D:1      | 0 ||| qw: Do Orc after D:15 true
     0 | D:1      | 0 ||| qw: Do second Lair branch before Depths: true
     0 | D:1      | 0 ||| qw: Lair rune preference: random
     0 | D:1      | 0 ||| qw: Plans: Normal, Zot:1-4, God:TSO, Crypt, Tomb,
                  | Pan, Slime:5, Hells, Abyss, Orb
     0 | D:1      | 0 ||| PLANNING D:1-11
    21 | D:1      | Reached skill level 2 in Axes
   189 | D:1      | Reached XP level 2. HP: 19/19 MP: 2/2
   402 | D:1      | 402 ||| DROPPING +0 club.
   408 | D:1      | Found a faded altar of an unknown god.
   687 | D:1      | Reached skill level 3 in Axes
   720 | D:1      | Reached XP level 3. HP: 23/23 MP: 3/3
   983 | D:1      | 983 ||| UPGRADING to +0 pair of gloves.
   988 | D:1      | 988 ||| READING 2 scrolls labelled CIUNKY KOHU.
   989 | D:1      | 989 ||| READING scroll labelled VEOMOI ABIO.
   990 | D:1      | 990 ||| READING scroll labelled BOIHIE ZAFEJA.
  1403 | D:2      | 1403 ||| Stepping ~*~*~tactically~*~*~ (hiding).
  1554 | D:2      | 1554 ||| Stepping ~*~*~tactically~*~*~ (hiding).
  1883 | D:2      | 1883 ||| DROPPING amulet of faith.
  1884 | D:2      | 1884 ||| UPGRADING to +4 ring of slaying {mikee}.
  1924 | D:3      | Found a stormy altar of Qazlal.
  2039 | D:3      | Noticed Ijyb
  2040 | D:3      | 2040 ||| Stepping ~*~*~tactically~*~*~ (stealth).
  2053 | D:3      | Killed Ijyb
  2054 | D:3      | Reached skill level 4 in Axes
  2054 | D:3      | Reached XP level 4. HP: 11/28 MP: 4/4
  2056 | D:3      | HP: 7/28 [ball python (1)]
  2594 | D:3      | Reached XP level 5. HP: 16/32 MP: 5/5
  2807 | D:3      | 2807 ||| DROPPING +0 mace.
  3084 | D:3      | 3084 ||| UPGRADING to +0 pair of boots.
  3089 | D:3      | 3089 ||| READING scroll labelled UTZOHO GETANI.
  3090 | D:3      | 3090 ||| DRINKING 2 smoky brown potions.
  3091 | D:3      | 3091 ||| DRINKING 2 puce potions.
  3092 | D:3      | 3092 ||| READING 2 scrolls of identify.
  3092 | D:3      | 3092 ||| IDENTIFYING dark potion
  3093 | D:3      | 3093 ||| DROPPING potion of brilliance.
  3158 | D:4      | Found Ygud's Armour Shoppe.
  3171 | D:4      | Found a glowing silver altar of Zin.
  3173 | D:4      | 3173 ||| BUYING +0 chain mail (58 gold).
  3173 | D:4      | Bought a +0 chain mail for 58 gold pieces
  3173 | D:4      | 3173 ||| SHOPLISTING +2 pair of boots (214 gold, have 75).
  3173 | D:4      | 3173 ||| SHOPLISTING +2 pair of gloves of Irhoy {Harm MP+9
                  | Str+3} (607 gold, have 75).
  3173 | D:4      | 3173 ||| SHOPLISTING +2 robe of resistance (490 gold, have
                  | 75).
  3189 | D:4      | Reached skill level 5 in Axes
  3837 | D:4      | 3837 ||| UPGRADING to +0 chain mail.
  3847 | D:4      | 3847 ||| DROPPING +0 scale mail.
  3848 | D:4      | 3848 ||| READING 2 scrolls labelled VEMMOG ZEINU.
  3849 | D:4      | 3849 ||| READING scroll labelled YNEADE WISEQUMM.
  3850 | D:4      | 3850 ||| DROPPING scroll of magic mapping.
  3871 | D:5      | Entered Level 5 of the Dungeon
  3879 | D:5      | Noticed a water moccasin
  3880 | D:5      | 3880 ||| Stepping ~*~*~tactically~*~*~ (hiding).
  3886 | D:5      | Killed a water moccasin
  3887 | D:5      | Reached XP level 6. HP: 28/38 MP: 6/6
  3888 | D:5      | 3888 ||| Stepping ~*~*~tactically~*~*~ (stealth).
  3900 | D:5      | 3900 ||| FLEEEEING.
  3901 | D:5      | 3901 ||| FLEEEEING.
  3903 | D:5      | 3903 ||| FLEEEEING.
  3904 | D:5      | 3904 ||| FLEEEEING.
  3905 | D:5      | 3905 ||| FLEEEEING.
  3906 | D:5      | 3906 ||| STAIRDANCE
  3976 | D:5      | Reached skill level 6 in Axes
  4000 | D:5      | 4000 ||| Stepping ~*~*~tactically~*~*~ (hiding).
  4003 | D:5      | 4003 ||| Stepping ~*~*~tactically~*~*~ (hiding).
  4111 | D:5      | Found a shimmering altar of Xom.
  4131 | D:5      | Reached skill level 1 in Dodging
  4166 | D:5      | Reached XP level 7. HP: 43/43 MP: 7/7
  4591 | D:5      | Reached skill level 7 in Axes
  4707 | D:5      | 4707 ||| READING scroll labelled WAOVEK DEURUH.
  4708 | D:5      | 4708 ||| DRINKING 3 sapphire potions.
  4709 | D:5      | 4709 ||| DRINKING 3 metallic inky potions.
  4710 | D:5      | 4710 ||| DROPPING 2 potions of degeneration.
  4747 | D:5      | 4747 ||| STAIRDANCE
  4751 | D:5      | 4751 ||| STAIRDANCE
  4755 | D:5      | 4755 ||| STAIRDANCE
  4759 | D:5      | 4759 ||| STAIRDANCE
  4763 | D:5      | 4763 ||| STAIRDANCE
  4767 | D:5      | 4767 ||| STAIRDANCE
  4771 | D:5      | 4771 ||| STAIRDANCE
  4775 | D:5      | 4775 ||| STAIRDANCE
  4779 | D:5      | 4779 ||| STAIRDANCE
  4783 | D:5      | 4783 ||| STAIRDANCE
  4787 | D:5      | 4787 ||| STAIRDANCE
  4791 | D:5      | 4791 ||| STAIRDANCE
  4795 | D:5      | 4795 ||| STAIRDANCE
  4799 | D:5      | 4799 ||| STAIRDANCE
  4803 | D:5      | 4803 ||| STAIRDANCE
  4807 | D:5      | 4807 ||| STAIRDANCE
  4811 | D:5      | 4811 ||| STAIRDANCE
  4815 | D:5      | 4815 ||| STAIRDANCE
  4819 | D:5      | 4819 ||| STAIRDANCE
  4864 | D:4      | Found an ancient bone altar of Kikubaaqudgha.
  4864 | D:4      | Found a hazy altar of Hepliaklqana.
  4940 | D:6      | 4940 ||| FLEEEEING.
  4946 | D:6      | 4946 ||| FLEEEEING.
  4948 | D:6      | 4948 ||| STAIRDANCE
  4990 | D:6      | Reached skill level 1 in Throwing
  4990 | D:6      | Reached XP level 8. HP: 38/49 MP: 8/8
  5102 | D:6      | Found a staircase to the Ecumenical Temple.
  5639 | D:6      | 5639 ||| Stepping ~*~*~tactically~*~*~ (hiding).
  5648 | D:6      | Reached skill level 8 in Axes
  5934 | D:6      | Reached skill level 6 in Fighting
  6048 | D:6      | Found a runed translucent door.
  6048 | D:6      | Noticed qw's ghost (novice GrFi)
  6176 | D:6      | 6176 ||| READING scroll labelled ZOWOIR LU PIS.
  6177 | D:6      | 6177 ||| DRINKING 3 inky potions.
  6178 | D:6      | 6178 ||| READING 3 scrolls of identify.
  6178 | D:6      | 6178 ||| IDENTIFYING coppery potion
  6179 | D:6      | 6179 ||| READING 2 scrolls of identify.
  6179 | D:6      | 6179 ||| IDENTIFYING glowing dark potion
  6180 | D:6      | 6180 ||| DROPPING potion of magic.
  6181 | D:6      | 6181 ||| DROPPING 2 potions of flight.
  6202 | D:7      | 6202 ||| FLEEEEING.
  6203 | D:7      | 6203 ||| STAIRDANCE
  6528 | D:7      | Noticed Maggie
  6529 | D:7      | Noticed a wyvern
  6536 | D:7      | HP: 13/52 [gnoll/+0 halberd (5)]
  6537 | D:7      | 6537 ||| READING scroll of teleportation.
  6537 | D:7      | HP: 5/52 [gnoll/+0 halberd (4)]
  6538 | D:7      | 6538 ||| DRINKING 2 potions of heal wounds.
  6761 | D:7      | 6761 ||| Stepping ~*~*~tactically~*~*~ (hiding).
  6766 | D:7      | Reached XP level 9. HP: 50/56 MP: 9/9
  6835 | D:7      | Reached skill level 9 in Axes
  6860 | D:7      | 6860 ||| Stepping ~*~*~tactically~*~*~ (hiding).
  6988 | D:7      | Noticed a troll
  6989 | D:7      | 6989 ||| Stepping ~*~*~tactically~*~*~ (hiding).
  7004 | D:7      | Killed a troll
  7217 | D:7      | HP: 8/57 [Maggie/+2 spear of venom (9)]
  7218 | D:7      | 7218 ||| DRINKING potion of heal wounds.
  7221 | D:7      | HP: 3/57 [wight/+0 mace (4)]
  7221 | D:7      | Slain by Maggie

Levels and vault maps discovered:
D:1:      nzn_arrival_water_spiral, layout_loops_ring,
          hellmonk_ecumenical_altar_lost_god
D:2:      layout_loops_cross
D:3:      layout_basic, grunt_qazlal_sundering, uniq_ijyb
D:4:      layout_gridville, mainiacjoe_overflow_concentric_impassable,
          nicolae_overflow_hidden_temple, serial_shops, nicolae_shop_trees
D:5:      layout_loops_cross, mainiacjoe_overflow_alcove_4
D:6:      layout_cave_pods, minmay_temple_entry_antechambers,
          gammafunk_ghost_grave
D:7:      layout_loops_ring, lemuel_blue_sif_altar, dreamdust_gnoll_farm,
          uniq_maggie

Skill      XL: |  1  2  3  4  5  6  7  8  9 |
---------------+----------------------------+-----
Axes           | 2 3 4 5 6 7 8 9 |  9.0
Fighting       | 4 5 6 7 |  7.2
Dodging        | 1 |  1.0
Throwing       | 1 |  1.8
Armour         | 4 |  4.3
Shields        | 4 |  4.1

Action                   |  1- 3 |  4- 6 |  7- 9 || total
-------------------------+-------+-------+-------++-------
Melee: War axe           |   120 |    86 |   176 ||   382
Throw: Boomerang         |       |     4 |    34 ||    38
  Use: Scroll            |     3 |     4 |     5 ||    12
       Potion            |       |     2 |     5 ||     7
Armor: Scale mail        |    62 |    23 |       ||    85
       Chain mail        |       |    20 |   140 ||   160
Dodge: Dodged            |    50 |    25 |    74 ||   149
Block: Buckler           |    24 |    15 |    35 ||    74

Table legend:
 A = Non-vault XP
 B = Vault XP
 C = Vault XP percentage of total XP
 D = Non-vault monster count
 E = Vault monster count
 F = Vault count percentage of total count
                 A         B        C        D         E       F
            +---------+---------+-------+---------+---------+-------
      Total |    3100 |     162 |   5.0 |     121 |       6 |   4.7
            +---------+---------+-------+---------+---------+-------
        D:1 |      37 |       0 |   0.0 |      22 |       0 |   0.0
        D:2 |      41 |       0 |   0.0 |      15 |       0 |   0.0
        D:3 |     109 |      36 |  24.8 |      15 |       1 |   6.2
        D:4 |      78 |       0 |   0.0 |      13 |       0 |   0.0
        D:5 |     596 |       0 |   0.0 |      17 |       0 |   0.0
        D:6 |    1188 |       0 |   0.0 |      18 |       0 |   0.0
        D:7 |    1051 |     126 |  10.7 |      21 |       5 |  19.2
            +---------+---------+-------+---------+---------+-------
